[Event "*** MasterClass Titled Tuesday Blitz"]
[Site "Chess.com"]
[Date "2017.12.12"]
[Round "7"]
[White "1stSecond"]
[Black "Angry_Serb"]
[Result "1-0"]
[WhiteElo "2480"]
[BlackElo "2442"]
[TimeControl "180+2"]
[EndTime "14:38:17 PST"]
[Termination "1stSecond won by resignation"]

1. Nf3 Nf6 2. g3 g6 3. Bg2 Bg7 4. O-O O-O 5. c4 d5 6. d4 dxc4 7. Na3 Nc6 8. Nxc4 Be6 9. b3 a5 10. a4 Bd5 11. Bb2 Qc8 12. Rc1 h6 13. Nce5 Qe6 14.
Nxc6 Bxc6 15. e3 Rfd8 16. Ba3 Ne8 17. Nd2 Bxg2 18. Kxg2 Qd5+ 19. Qf3 e5 20. e4 Qxd4 21. Nc4 Qd3 22. Rfd1 Qxf3+ 23. Kxf3 b6 24. Ne3 Bf8 25. Bxf8 Kxf8 26. Nd5 Rac8 27. Rc6 Rd6 28. Rdc1 Rxc6 29. Rxc6 Rd8 30. Ke3 Rd7 31. f3 Kg7 32. g4 h5 33.
g5 h4 34. h3 Rd6 35. Rxd6 Nxd6 36. Nxc7 Nb7 37. Kd3 Nc5+ 38. Kc4 Kf8 39. Nd5 Ke8 40. Nxb6 Ne6 41. b4 axb4 42. a5 Kd8 43. a6 Kc7 44. a7 1-0

[Event "*** MasterClass Titled Tuesday Blitz"]
[Site "Chess.com"]
[Date "2017.12.12"]
[Round "7"]
[White "cheese111"]
[Black "Taron_Shagbazyan"]
[Result "0-1"]
[WhiteElo "2416"]
[BlackElo "2520"]
[TimeControl "180+2"]
[EndTime "14:38:24 PST"]
[Termination "Taron_Shagbazyan won on time"]

1. e4 c5 2. Nf3 d6 3. Bb5+ Nd7 4. O-O Nf6 5. Re1 a6 6. Bd3 e5 7. c3 g6 8. Bc2 Bg7 9. d4 O-O 10. dxe5 dxe5 11. c4 b5 12. Qe2 b4 13. Rd1 Qc7 14.
a3 Bb7 15. axb4 cxb4 16. b3 Nc5 17. Nbd2 Ne6 18. Bb2 Nd7 19. Nf1 Ndc5 20. Qe1 a5 21. Ne3 Nxe4 22. Nd5 Bxd5 23. cxd5 Qxc2 24. dxe6 Qxb2 25.
Qxe4 Qxb3 26. e7 Rae8 27. exf8=Q+ Bxf8 28. Rdb1 Qc3 29. Rxa5 b3 30. Rb5 Qc2 31. Qxc2 bxc2 32. Rc1 Rd8 33. Rxe5 Bb4 0-1

[Event "*** MasterClass Titled Tuesday Blitz"]
[Site "Chess.com"]
[Date "2017.12.12"]
[Round "7"]
[White "GeorgMeier"]
[Black "HarutyunianTigranK"]
[Result "0-1"]
[WhiteElo "2762"]
[BlackElo "2621"]
[TimeControl "180+2"]
[EndTime "14:38:36 PST"]
[Termination "HarutyunianTigranK won by resignation"]

1. Nf3 Nf6 2. g3 d5 3. Bg2 e6 4. O-O Be7 5. c4 O-O 6. d4 Nbd7 7. Qc2 c6 8. Nbd2 b6 9. e4 dxc4 10. Nxc4 Bb7 11. Rd1 c5 12. d5 exd5 13. exd5 Bxd5 14. Bf4 Qc8 15. a3 b5 16. Ne3 Be4 17. Qe2 Qb7 18. Ne5 Nxe5 19. Bxe5 Bxg2 20. Nxg2 Rfe8 21.
Ne3 Bf8 22. Bxf6 gxf6 23. Qg4+ Kh8 24. Rd7 Qe4 25. Qxe4 Rxe4 26. Rxf7 Rd8 27. Rxa7 c4 28. Rb7 Re5 29. Kf1 Rd2 30. a4 Bc5 31. axb5 Re8 32.
Re1 Rxb2 33. Re2 Rb1+ 34. Kg2 c3 35. Rc2 Bxe3 36. fxe3 Rb2 37. Rf2 Rc8 38. b6 Rxf2+ 0-1

[Event "*** MasterClass Titled Tuesday Blitz"]
[Site "Chess.com"]
[Date "2017.12.12"]
[Round "7"]
[White "FearNoEvil12"]
[Black "truki"]
[Result "0-1"]
[WhiteElo "2052"]
[BlackElo "2218"]
[TimeControl "180+2"]
[EndTime "14:38:36 PST"]
[Termination "truki won by resignation"]

1. e4 c6 2. d4 d5 3. Nc3 dxe4 4. Nxe4 Bf5 5. Ng3 Bg6 6. Bc4 e6 7. Nf3 Nf6 8. h4 h6 9. Ne5 Bh7 10. Be3 Nbd7 11. Qe2 Nxe5 12. dxe5 Nd5 13. O-O-O Qa5 14.
Kb1 b5 15. Bxd5 cxd5 16. f4 Rc8 17. Rd2 Bb4 18. f5 Bxd2 19. Bxd2 Qc7 20. Bb4 Bxf5 21.
Nxf5 exf5 22. e6 a5 23. Qxb5+ Qc6 24. Qxc6+ Rxc6 25. exf7+ Kxf7 26. Bxa5 Re8 27. b4 Re2 28. Rc1 Rxg2 29. b5 Rc5 30. a4 Rg4 31. Bb6 Rb4+ 32.
Ka2 Rxa4+ 33. Kb3 Rxb5+ 34. Kxa4 Rxb6 35. Rd1 Ke6 36. Re1+ Kf6 37. Rd1 Ke5 38. Re1+ Kd4 39. Rd1+ Kc4 40. Ka3 d4 41. Rf1 Rb5 42. h5 Kc3 43. Ka4 Re5 44. Rf2 f4 45. Rxf4 Rxh5 46.
Rf7 Rg5 47. Rc7+ Kd2 48. Kb4 h5 49. Kc4 Rg4 50. Kd5 h4 51. Rc8 g5 52. Ke5 h3 53.
Kf5 h2 54. Kxg4 h1=Q 55. Kxg5 Qd5+ 56. Kf4 Qd6+ 57. Kf3 Qf6+ 58. Kg2 Qg6+ 59. Kh2 Qxc2 60. Rxc2+ Kxc2 0-1

[Event "*** MasterClass Titled Tuesday Blitz"]
[Site "Chess.com"]
[Date "2017.12.12"]
[Round "7"]
[White "Big_Fishy"]
[Black "DrVelja"]
[Result "0-1"]
[WhiteElo "2371"]
[BlackElo "2552"]
[TimeControl "180+2"]
[EndTime "14:38:37 PST"]
[Termination "DrVelja won by resignation"]

1. e4 c5 2. Nf3 Nc6 3. c3 Nf6 4. e5 Nd5 5. Bc4 Nb6 6. Bb3 c4 7. Bc2 d5 8. d4 cxd3 9. Qxd3 g6 10. O-O Bg7 11. Bf4 O-O 12. Qe2 Bg4 13. Nbd2 d4 14.
h3 Nd5 15. Bg3 Bh5 16. c4 Ndb4 17. Be4 d3 18. Qd1 Nxe5 19. Bxe5 Bxe5 20. g4 f5 21. Nxe5 fxe4 22. gxh5 Qd4 23. Ng4 Nc2 24. Nb3 Qd7 25. Rc1 gxh5 26. Rxc2 hxg4 27. hxg4 Rf4 28. f3 e3 29. Rh2 Rd8 30. Nc5 Qd4 31. Ne6 Qb6 32.
Qb3 Qxe6 33. Qxb7 e2 34. Re1 d2 35. Rexe2 d1=Q+ 36. Kf2 Qdxe2+ 37. Kg3 Rxf3+ 38. Qxf3 Qxf3+ 39. Kxf3 Rd3+ 0-1

[Event "*** MasterClass Titled Tuesday Blitz"]
[Site "Chess.com"]
[Date "2017.12.12"]
[Round "7"]
[White "pedromartinez91"]
[Black "gammagramma"]
[Result "0-1"]
[WhiteElo "2214"]
[BlackElo "2477"]
[TimeControl "180+2"]
[EndTime "14:38:41 PST"]
[Termination "gammagramma won on time"]

1. Nf3 d5 2. d4 Nf6 3. c4 dxc4 4. e3 g6 5. Bxc4 Bg7 6. O-O O-O 7. h3 Nc6 8. Nc3 Bf5 9. Bd2 Ne4 10. Nxe4 Bxe4 11.
Bc3 e6 12. Rc1 Bd5 13. Qe2 Bxc4 14. Qxc4 Qd5 15. Bd2 Rfc8 16. a3 a5 17. b3 Ne7 18.
a4 c6 19. Qxd5 cxd5 20. Rxc8+ Nxc8 21. Rc1 b6 22. Rc6 Rb8 23. Kf1 Kf8 24. Ke2 Ke8 25.
Kd3 Kd7 26. Rc2 Nd6 27. Be1 Bf6 28. Nd2 b5 29. Rc5 Bd8 30. Nf3 f6 31. Nd2 bxa4 32.
bxa4 Rb4 33. Rc3 Rxa4 34. Nb3 Bb6 35. Kc2 Ne4 36. Rd3 Rc4+ 37. Kb2 a4 38. Nd2 Nxd2 39.
Bxd2 Kc6 40. Ka3 Kb5 41. Bc3 Bc7 42. Bb4 Rxb4 0-1

[Event "*** MasterClass Titled Tuesday Blitz"]
[Site "Chess.com"]
[Date "2017.12.12"]
[Round "7"]
[White "Alex_Banzea"]
[Black "Jbd735"]
[Result "0-1"]
[WhiteElo "2223"]
[BlackElo "2267"]
[TimeControl "180+2"]
[EndTime "14:38:46 PST"]
[Termination "Jbd735 won by checkmate"]

1. e4 e5 2. Nf3 Nc6 3. Bb5 a6 4. Ba4 Nf6 5. O-O Be7 6. Re1 b5 7. Bb3 d6 8. c3 O-O 9. h3 Na5 10. Bc2 c5 11. d4 Qc7 12. d5 Nb7 13. b3 Nd8 14. c4 Ne8 15. Nc3 Bd7 16.
Bd3 b4 17. Ne2 a5 18. a3 Rb8 19. a4 g6 20. Bh6 Ng7 21. Nh2 f6 22. Rf1 Nf7 23.
Bd2 f5 24. f4 Bf6 25. Ra2 Rbe8 26. Qb1 Qd8 27. Nf3 Re7 28. Ng3 exf4 29. Bxf4 g5 30.
Bc1 f4 31. Nh1 Ne5 32. Nxe5 Bxe5 33. Be2 Qe8 34. Bg4 Bxg4 35. hxg4 Bd4+ 36. Nf2 Rxe4 37.
Kh2 Re2 38. Nh3 Qe5 39. Rxe2 Qxe2 40. Nxg5 Nf5 41. gxf5 Qxf1 42. Qe4 Qg1+ 43. Kh3 Qh1+ 44. Kg4 h5+ 45. Kf3 Qf1# 0-1

[Event "*** MasterClass Titled Tuesday Blitz"]
[Site "Chess.com"]
[Date "2017.12.12"]
[Round "7"]
[White "BilodeauA"]
[Black "gmcorrales"]
[Result "0-1"]
[WhiteElo "2725"]
[BlackElo "2631"]
[TimeControl "180+2"]
[EndTime "14:38:50 PST"]
[Termination "gmcorrales won by resignation"]

1. e4 c5 2. Nf3 d6 3. d4 cxd4 4.
Nxd4 Nf6 5. Nc3 g6 6. Be3 Bg7 7. f3 O-O 8. Qd2 Nc6 9. Bc4 Bd7 10. O-O-O Rc8 11. Bb3 Nxd4 12. Bxd4 b5 13. Kb1 a5 14. g4 a4 15. Bd5 b4 16. Ne2 e6 17. Bb7 Rb8 18.
Ba6 Qa5 19. Bd3 e5 20. Be3 Be6 21. h4 d5 22. h5 dxe4 23. fxe4 Nxg4 24. Bg5 Nf2 25.
Nd4 Nxd1 26. Nxe6 Nc3+ 27. Ka1 fxe6 28. hxg6 hxg6 29. Qh2 Rf7 30. Bh6 a3 31. bxc3 b3 32. Bd2 bxa2 33. Bc4 Rb1+ 34. Kxa2 Rb2+ 35. Ka1 Qb6 36. Bb3 Rxc2 37. Rb1 Rb2 38. Rxb2 axb2+ 39. Kxb2 Rf2 40. Qh4 Rxd2+ 41. Kc1 Rg2 42. Qd8+ Qxd8 0-1

[Event "*** MasterClass Titled Tuesday Blitz"]
[Site "Chess.com"]
[Date "2017.12.12"]
[Round "7"]
[White "GrigorGrigorov"]
[Black "A-Fier"]
[Result "0-1"]
[WhiteElo "2593"]
[BlackElo "2638"]
[TimeControl "180+2"]
[EndTime "14:38:54 PST"]
[Termination "A-Fier won by resignation"]

1. d4 Nf6 2. c4 c5 3. d5 e6 4. Nc3 exd5 5. cxd5 d6 6. Nf3 g6 7. Bf4 Bg7 8. Qa4+ Bd7 9. Qb3 Qc7 10. e4 O-O 11. Nd2 Nh5 12. Be3 f5 13. exf5 Bxf5 14. Be2 Nf6 15. O-O Na6 16. a3 Rab8 17. Nb5 Qd7 18. Bf4 Ne8 19. Bg3 Nac7 20. Nxa7 b5 21. Nc6 Rb7 22. a4 Nf6 23. axb5 Nfxd5 24. Bc4 Be6 25.
Rfe1 Bf7 26. Ra5 Re8 27. Rxe8+ Qxe8 28. Kf1 Bh6 29. Nf3 Qe4 30. Ra4 Rxb5 31. Qd3 Qxd3+ 32. Bxd3 Rxb2 33. Bxd6 Rb3 34. Bc2 Rc3 35. Be4 Rc1+ 36.
Ne1 Bd2 37. g3 Rxe1+ 38. Kg2 Nc3 39. Ra7 N3b5 40. Rb7 Nxd6 0-1

[Event "*** MasterClass Titled Tuesday Blitz"]
[Site "Chess.com"]
[Date "2017.12.12"]
[Round "7"]
[White "JSMastropiero"]
[Black "Tash_Boy"]
[Result "0-1"]
[WhiteElo "2316"]
[BlackElo "2465"]
[TimeControl "180+2"]
[EndTime "14:38:54 PST"]
[Termination "Tash_Boy won by checkmate"]

1. d4 d6 2. e4 g6 3. c4 Bg7 4. Nc3 Nc6 5. Nge2 Nf6 6. f3 O-O 7.
Be3 a6 8. Qd2 Na5 9. Nc1 Bd7 10.
Be2 Rb8 11. b4 Nc6 12. Rb1 e5 13. d5 Nd4 14. O-O Ne8 15. Bd1 f5 16. N1e2 Nxe2+ 17. Bxe2 f4 18. Bf2 g5 19. c5 h5 20. c6 bxc6 21.
dxc6 Bxc6 22. Bxa6 g4 23. Kh1 Qg5 24. Bc4+ Kh7 25. Nd5 Bd7 26. b5 h4 27. h3 gxh3 28.
gxh3 Bxh3 29. Rg1 Qh5 30. Be2 Bd7 31. a4 c6 32. bxc6 Rxb1 33. Rxb1 Bxc6 34. Ne7 Bxa4 35. Nf5 Rxf5 36. exf5 Bc6 37. Qd3 Nf6 38. Kh2 d5 39. Qc3 Qxf5 40. Rg1 Bd7 41. Qe1 Qh3# 0-1

[Event "*** MasterClass Titled Tuesday Blitz"]
[Site "Chess.com"]
[Date "2017.12.12"]
[Round "7"]
[White "Parhamov"]
[Black "Winehouse83"]
[Result "1-0"]
[WhiteElo "2732"]
[BlackElo "2422"]
[TimeControl "180+2"]
[EndTime "14:39:05 PST"]
[Termination "Parhamov won by resignation"]

1. d4 Nf6 2. Bf4 c5 3. e3 Qb6 4. b3 e6 5. Nf3 Nc6 6. c3 Be7 7. Bd3 O-O 8. O-O d5 9. Nbd2 Rd8 10. a4 a6 11. a5 Qa7 12. Ne5 Nxe5 13. Bxe5 Bd7 14.
Bc7 Rdc8 15. Bb6 Qb8 16. f4 cxd4 17. Bxd4 Qc7 18. b4 Bb5 19. Qe2 Bxd3 20. Qxd3 Qc6 21. h3 Qb5 22. Qxb5 axb5 23. g4 h6 24. Kf2 Ra6 25. Ke2 Ne8 26. e4 Nd6 27. e5 Nc4 28. Nb3 Nb2 29. Ra2 Na4 30. Rc1 Rac6 31. Kd2 Rc4 32. Rac2 g6 33. Kd3 Kh7 34. Nd2 R4c6 35. Nb1 b6 36. a6 Ra8 37. Na3 Rxa6 38. Nxb5 Ra8 39. Ra2 Rcc8 40. Kc2 Bxb4 41. Rca1 Nxc3 42.
Rxa8 1-0

[Event "*** MasterClass Titled Tuesday Blitz"]
[Site "Chess.com"]
[Date "2017.12.12"]
[Round "7"]
[White "BillCoe"]
[Black "leopato"]
[Result "1-0"]
[WhiteElo "1898"]
[BlackElo "1787"]
[TimeControl "180+2"]
[EndTime "14:39:12 PST"]
[Termination "BillCoe won on time"]

1. e4 c6 2. d4 d5 3. Nc3 dxe4 4. Nxe4 Nd7 5. Nf3 Ngf6 6. Ng3 e6 7. Bd3 c5 8. O-O b6 9. c4 Bb7 10. Re1 cxd4 11.
Nxd4 Bc5 12. Bf1 O-O 13. Be3 Rc8 14. b3 a6 15. Rc1 Qc7 16. Qe2 Rfd8 17. Nc2 Bf8 18. Nd4 Bb4 19. Red1 h6 20. Nc2 Bf8 21. Bd4 e5 22. Bb2 e4 23. Ne3 Ne5 24. Nd5 Bxd5 25. cxd5 Qd6 26. Nf5 Qb8 27. Rxc8 Rxc8 28. d6 Nd3 29. Ne7+ Bxe7 30. dxe7 Nxb2 31. Qxb2 Re8 32. Bxa6 Qa7 33. Qe2 Rxe7 34. Rd8+ Kh7 35. Bc4 Qc7 36. Rd4 1-0

[Event "*** MasterClass Titled Tuesday Blitz"]
[Site "Chess.com"]
[Date "2017.12.12"]
[Round "7"]
[White "Quiet_Desperation"]
[Black "Bryakin_Mikhail"]
[Result "0-1"]
[WhiteElo "2369"]
[BlackElo "2536"]
[TimeControl "180+2"]
[EndTime "14:39:18 PST"]
[Termination "Bryakin_Mikhail won by resignation"]

1. e4 c6 2. Nc3 d5 3. Nf3 Nf6 4. e5 Ne4 5. d4 Nxc3 6. bxc3 Bf5 7. Be2 e6 8. O-O Nd7 9. Ne1 h6 10. f4 Be7 11. Be3 Nb6 12. Rb1 Rb8 13. Bd3 Nc4 14. Bxc4 dxc4 15. Qe2 Qd5 16. Nf3 h5 17. Ng5 Bxg5 18.
fxg5 b5 19. Bc1 g6 20. Ba3 Kd7 21. Bd6 Rb6 22. a4 Ra6 23. axb5 cxb5 24. Ra1 Rxa1 25. Rxa1 Ra8 26. Bc5 a5 27. Bb6 a4 28. Bc5 Kc6 29. Bb4 h4 30. Qf3 Rh8 31. Qe2 Rh5 32. Qd2 Be4 33.
Be7 Bf5 34. h3 Rh8 35. Re1 Ra8 36. Qc1 Be4 37. Re2 Bf5 38. Qa3 Re8 39. Bc5 Rh8 40. Ba7 Re8 41. Qb4 Ra8 42. Qa5 Kd7 43. Qa6 Qc6 44.
Qxc6+ Kxc6 45. Bc5 a3 46. Re1 a2 47. Ra1 Bxc2 48. Kf2 Bb1 49. Ke3 Kd5 50. Kf4 Rb8 51.
Kg4 b4 52. cxb4 c3 53. Kxh4 c2 0-1

[Event "*** MasterClass Titled Tuesday Blitz"]
[Site "Chess.com"]
[Date "2017.12.12"]
[Round "7"]
[White "MartinZumsande"]
[Black "nurmiTV"]
[Result "1-0"]
[WhiteElo "2469"]
[BlackElo "2445"]
[TimeControl "180+2"]
[EndTime "14:39:34 PST"]
[Termination "MartinZumsande won by checkmate"]

1. e4 c5 2. Nf3 e6 3. c3 Nf6 4. e5 Nd5 5. d4 cxd4 6. cxd4 Nc6 7. Bc4 d6 8. O-O dxe5 9. dxe5 Be7 10. Qe2 O-O 11. Qe4 a6 12. Bd3 g6 13. Bh6 Re8 14. Nbd2 b5 15. Rad1 Bb7 16. Bb1 Qc7 17. Rfe1 Rad8 18. h4 Bc5 19. Qg4 Nce7 20. h5 Nf5 21.
Bg5 Be7 22. Ne4 Qc4 23. Bxe7 Nfxe7 24. h6 Qc7 25. Qg5 Nf5 26. g4 Nfe7 27. Nf6+ Kf8 28.
Nxh7+ Kg8 29. Nf6+ Kf8 30. Be4 Qc5 31. Nh4 Bc6 32. Ng2 Bb7 33. Rc1 Qb6 34. Qh4 Ng8 35. h7 Ngxf6 36. h8=Q+ Ng8 37. Bxd5 Bxd5 38. Q4h7 Ke7 39.
Q8g7 Rf8 40. Nf4 Be4 41. Rxe4 Rd2 42. Nxg6+ Kd7 43. Rf4 Ne7 44. Nxe7 Kxe7 45. Qf6+ Kd7 46. Qhxf7+ Rxf7 47. Qxf7+ Kd8 48. Qf8+ Kd7 49. Rf7# 1-0

[Event "*** MasterClass Titled Tuesday Blitz"]
[Site "Chess.com"]
[Date "2017.12.12"]
[Round "7"]
[White "marreta84"]
[Black "AquivaRubinstein"]
[Result "1-0"]
[WhiteElo "2315"]
[BlackElo "2266"]
[TimeControl "180+2"]
[EndTime "14:39:44 PST"]
[Termination "marreta84 won by resignation"]

1. d4 Nf6 2. Nf3 c5 3. c3 e6 4. Bf4 b6 5. Nbd2 Bb7 6. h3 d6 7. e3 Nbd7 8. Bd3 Be7 9. Qe2 O-O 10. Bh2 Re8 11. O-O Bf8 12. a4 e5 13. dxe5 dxe5 14.
e4 Nh5 15. g3 g6 16. a5 Bh6 17. Nc4 Qe7 18. Rfd1 b5 19. Ne3 c4 20. Bc2 Bxe3 21. Qxe3 a6 22. Rd2 Rf8 23. Rad1 Nc5 24. Rd6 Rac8 25.
Nxe5 Qxe5 26. g4 Qe7 27. gxh5 Qh4 28. hxg6 hxg6 29. R6d4 Rfe8 30. Bd6 Ne6 31. e5 Nxd4 32. Rxd4 Qh5 33. Bd1 Qf5 34. Bg4 Qb1+ 35. Kh2 Qh1+ 36.
Kg3 Qg2+ 37. Kh4 Kg7 38. Qg3 Rh8+ 39. Kg5 Qf1 40. Qf4 Rcd8 41. Qf6+ Kg8 42. Qxd8+ Kh7 43. Qf6 Kg8 44. e6 Qc1+ 45. Bf4 Rh5+ 46. Bxh5 Qg1+ 47. Bg4 1-0

[Event "*** MasterClass Titled Tuesday Blitz"]
[Site "Chess.com"]
[Date "2017.12.12"]
[Round "7"]
[White "FMJoseHerrera"]
[Black "MFBerna"]
[Result "1-0"]
[WhiteElo "2426"]
[BlackElo "2259"]
[TimeControl "180+2"]
[EndTime "14:39:47 PST"]
[Termination "FMJoseHerrera won by resignation"]

1. Nf3 g6 2. g3 Bg7 3. Bg2 Nf6 4.
d3 O-O 5. Nc3 d5 6. h4 h6 7. Bf4 Nh5 8. Bd2 e5 9. e4 c6 10. exd5 cxd5 11. Qe2 Nc6 12. O-O-O Bg4 13. Qf1 Nd4 14. Nxd4 Bxd1 15. Nb3 Bg4 16. Nxd5 Be6 17. Ne3 Qe7 18. Qe1 Rac8 19. Bb4 Qd7 20. Bxf8 Bxf8 21. Kb1 b6 22. Nc4 Bxc4 23. dxc4 Bg7 24. Qe4 Nf6 25. Qxe5 Rxc4 26. Qe2 Rc7 27. Rd1 Qc8 28. c3 a5 29. Nd4 h5 30. Nb5 Rd7 31. Nd4 Rd8 32. Nc6 Rxd1+ 33. Qxd1 Bf8 34. Qd4 Kg7 35. Qxb6 Qe6 36.
Qe3 Qd6 37. Kc2 a4 38. a3 Qc7 39. Qd4 Qb7 40. Bd5 Qa6 41. Qc4 Qb6 42. Nb4 Qxf2+ 43. Kb1 Qe1+ 44. Ka2 Nxd5 45. Nxd5 Qxg3 46. Qd4+ Kg8 47.
Nf6+ Kh8 48. Nxh5+ Kg8 49. Nxg3 Bg7 50. Qd8+ 1-0

[Event "*** MasterClass Titled Tuesday Blitz"]
[Site "Chess.com"]
[Date "2017.12.12"]
[Round "7"]
[White "SharkAnto55"]
[Black "NewBornNow"]
[Result "1-0"]
[WhiteElo "2384"]
[BlackElo "2566"]
[TimeControl "180+2"]
[EndTime "14:39:48 PST"]
[Termination "SharkAnto55 won by resignation"]

1. d4 Nf6 2. c4 e6 3. Nf3 b6 4.
g3 Bb7 5. Bg2 Be7 6. O-O O-O 7.
Nc3 Ne4 8. Qc2 Nxc3 9. bxc3 Nc6 10. h4 Na5 11. Ng5 Bxg5 12. Bxb7 Nxb7 13. hxg5 Na5 14. Kg2 f5 15. gxf6 Qxf6 16. Qd3 d6 17. Be3 e5 18. Rh1 Qf5 19. Rh4 Rae8 20. d5 e4 21. Qd4 Qe5 22. Rah1 h6 23. Rg4 Kh7 24. Rhh4 Qxd4 25. Bxd4 Rf7 26. Rxe4 Rxe4 27. Rxe4 Nxc4 28. Bxg7 Nd2 29. Rd4 Nb1 30. Rd1 Na3 31. Bd4 Re7 32. Kf3 Nc4 33. e4 a5 34. g4 Kg6 35. Kf4 b5 36. f3 Re8 37. Kg3 Re7 38. Re1 Nd2 39. Re2 Nc4 40.
f4 Re8 41. f5+ Kf7 42. Kf4 Ne5 43. Rh2 Rg8 44. Bxe5 dxe5+ 45. Kxe5 Rxg4 46. Rxh6 Rxe4+ 47. Kxe4 1-0

[Event "*** MasterClass Titled Tuesday Blitz"]
[Site "Chess.com"]
[Date "2017.12.12"]
[Round "7"]
[White "Annawel"]
[Black "Noukii"]
[Result "1-0"]
[WhiteElo "2741"]
[BlackElo "2607"]
[TimeControl "180+2"]
[EndTime "14:39:50 PST"]
[Termination "Annawel won by resignation"]

1. e4 e5 2. Nc3 Nf6 3. g3 c6 4. Bg2 d5 5. d3 dxe4 6. Nxe4 Nxe4 7.
Bxe4 Bb4+ 8. Bd2 Bxd2+ 9. Qxd2 O-O 10. Bg2 Re8 11. Ne2 Nd7 12. O-O Nf6 13. Rad1 Bf5 14. Rfe1 Qb6 15. Qc3 Rad8 16. Qb3 Qxb3 17. axb3 Nd5 18. Ra1 Nb4 19. Rec1 Ra8 20. Nc3 f6 21. Nd1 Red8 22. Ne3 Be6 23. Ra4 Nd5 24. Rca1 Nxe3 25. fxe3 a6 26. Kf2 Kf7 27. Rb4 b5 28. Bxc6 Rac8 29.
Rxa6 Rd6 30. Be8+ Ke7 31. Rxd6 Rxc2+ 32. Kf3 Kxd6 33. Rxb5 Rxb2 34. Rb6+ Ke7 35. Ba4 h5 36. Ke4 Rd2 37. Rb7+ Kd6 38. Rb6+ Ke7 39. h4 Bg8 40.
Rb7+ Ke6 41. Rxg7 f5+ 42. Kf3 Bf7 43. Bd7+ Kf6 44. Rg5 Bg6 45. Bc6 Rxd3 46. b4 Rd2 47. e4 Rd3+ 48. Ke2 fxe4 49. Rxg6+ 1-0

[Event "*** MasterClass Titled Tuesday Blitz"]
[Site "Chess.com"]
[Date "2017.12.12"]
[Round "7"]
[White "Alliswell998"]
[Black "mazetofonias"]
[Result "1-0"]
[WhiteElo "2356"]
[BlackElo "2457"]
[TimeControl "180+2"]
[EndTime "14:39:51 PST"]
[Termination "Alliswell998 won by resignation"]

1. e4 c5 2. Nc3 Nc6 3. f4 g6 4. Nf3 Bg7 5. Bb5 Nd4 6. O-O e6 7. e5 Ne7 8. Nxd4 cxd4 9. Ne4 O-O 10. b3 d5 11. Nd6 f6 12. Qe1 fxe5 13. fxe5 Rxf1+ 14. Bxf1 Nc6 15. Ba3 Bxe5 16. Nxc8 Rxc8 17. Bd3 a6 18. Qf2 Qf6 19. Qe2 Re8 20. Rf1 Qg7 21.
Qf3 Bc7 22. Qf2 e5 23. Be2 e4 24. Kh1 Ne5 25. Bb2 Nc6 26. Bg4 Bd6 27. Qh4 Kh8 28. Qh3 Rf8 29. g3 Rf6 30. Be6 Qf8 31. Rxf6 Qxf6 32.
Bxd5 Qf3+ 33. Qg2 Qd1+ 34. Qg1 Qf3+ 35. Qg2 Qd1+ 36. Qg1 Qxd2 37. Bxe4 Be5 38. Bc1 Qc3 39. Bg5 Kg7 40. Qf2 Qc5 41. Kg2 Qe7 42. Bxe7 Nxe7 43. Bxb7 Bf6 44. Bxa6 Nf5 45. Bd3 Ne3+ 46. Kg1 Bg5 47. h4 Bh6 48. Kh1 g5 49. hxg5 Bxg5 50. a4 Ng4 51. Qe2 h5 52. a5 Be3 53. a6 Nf2+ 54.
Kg2 1-0

[Event "*** MasterClass Titled Tuesday Blitz"]
[Site "Chess.com"]
[Date "2017.12.12"]
[Round "7"]
[White "lucasmito"]
[Black "AkshatChandra"]
[Result "0-1"]
[WhiteElo "2243"]
[BlackElo "2710"]
[TimeControl "180+2"]
[EndTime "14:39:56 PST"]
[Termination "AkshatChandra won by resignation"]

1. e4 b6 2. d4 Bb7 3. Nc3 e6 4. a3 Nf6 5. Bd3 d5 6. e5 Nfd7 7. f4 c5 8. Nf3 Nc6 9. Be3 Be7 10. Qd2 O-O 11. O-O f5 12. exf6 Nxf6 13. h3 Bd6 14.
Nb5 c4 15. Nxd6 Qxd6 16. Be2 Ne4 17. Qe1 b5 18. Ne5 a5 19. Bf3 Ne7 20. Bxe4 dxe4 21. c3 Qd5 22. Qe2 Nf5 23. a4 Ng3 24. Qg4 Nxf1 25.
Kxf1 b4 26. h4 Bc6 27. h5 h6 28. Rc1 bxc3 29. Rxc3 Bxa4 30. Kg1 Rac8 31. Ng6 Rf7 32. Ne5 Rb7 33. Ng6 Qf5 34. Qg3 Qxh5 35. d5 Qxd5 36. f5 Qxf5 37. Bxh6 Rd8 38. Be3 Rd1+ 39.
Kh2 Qh5+ 40. Nh4 Rd3 41. Rxd3 cxd3 42. Bd2 Rf7 43. Bc3 Bd1 44. Kg1 Qg4 45. Qh2 e3 46. Nf3 Bxf3 47. Qb8+ Rf8 48. Qh2 Qxg2+ 49. Qxg2 Bxg2 0-1

[Event "*** MasterClass Titled Tuesday Blitz"]
[Site "Chess.com"]
[Date "2017.12.12"]
[Round "7"]
[White "Yaacovn"]
[Black "chito89"]
[Result "0-1"]
[WhiteElo "2637"]
[BlackElo "2595"]
[TimeControl "180+2"]
[EndTime "14:39:57 PST"]
[Termination "chito89 won on time"]

1. d4 Nf6 2. Nf3 b6 3. g3 Bb7 4. Bg2 c5 5. c3 g6 6. O-O Bg7 7. Re1 O-O 8. Bg5 d6 9. Bxf6 Bxf6 10. Nbd2 Nd7 11. e3 b5 12. a4 a6 13. Qb3 Bc6 14. Nh4 Qc7 15. Bxc6 Qxc6 16. Ng2 Rab8 17. axb5 axb5 18.
Nf4 e6 19. d5 exd5 20. Qxd5 Qc7 21. Ra6 Be5 22. Ne4 Nb6 23. Qd3 c4 24. Qc2 d5 25.
Ng5 Ra8 26. Rea1 Rxa6 27. Rxa6 Bxf4 28. exf4 Na4 29. Qe2 Nc5 30. Ra1 Nd3 31. h4 Qd7 32. b4 Re8 33. Qa2 h6 34. Nf3 Qg4 35. Ne5 Nxe5 36.
fxe5 Rxe5 37. Qa8+ Kg7 38. Qb8 Re2 39. Ra8 Kf6 40.
Qh8+ Kf5 41. Qg7 Re7 42. Ra6 Qd1+ 43. Kh2 Ke4 44. Qf6 Re6 45. Qxf7 Rxa6 46. Qe8+ Kd3 47. Qg8 Kc2 0-1

[Event "*** MasterClass Titled Tuesday Blitz"]
[Site "Chess.com"]
[Date "2017.12.12"]
[Round "7"]
[White "Konavets"]
[Black "Vincent_Vega95"]
[Result "0-1"]
[WhiteElo "2748"]
[BlackElo "2586"]
[TimeControl "180+2"]
[EndTime "14:40:03 PST"]
[Termination "Vincent_Vega95 won by resignation"]

1. c4 Nf6 2. Nc3 g6 3. g3 Bg7 4.
Bg2 O-O 5. e4 d6 6. Nge2 c5 7.
O-O Nc6 8. h3 Ne8 9. d3 Nc7 10. f4 Ne6 11. Be3 a6 12. Kh2 Rb8 13. Rc1 Ned4 14. g4 f5 15. exf5 gxf5 16. g5 e5 17. Ng3 b5 18. b3 exf4 19. Bxf4 Ne5 20. Nce2 Ng6 21. Bd5+ Kh8 22. Nxd4 Bxd4 23. Nh5 Nxf4 24.
Nxf4 Qxg5 25. Qf3 Be5 26. Qe3 Bb7 27. Rc2 Bxd5 28. cxd5 Rg8 29. Kh1 Rb7 30. b4 cxb4 31. d4 Bxf4 32. Qxf4 Rbg7 33. Qxd6 Qh4 34. Qf4 Qxh3+ 35.
Rh2 Qg4 36. Qe5 f4 37. d6 f3 38. d7 f2 39. Rxh7+ Kxh7 40. Qh2+ Kg6 41. Qd6+ Kh7 42.
Qh2+ Kg6 43. Qd6+ Kh5 44. Qe5+ Qg5 45. Rxf2 Qxe5 46. dxe5 Rxd7 47. e6 Re7 48. Rh2+ Kg6 49. Rg2+ Kh7 50. Rh2+ Kg7 0-1

[Event "*** MasterClass Titled Tuesday Blitz"]
[Site "Chess.com"]
[Date "2017.12.12"]
[Round "7"]
[White "Sam_ChessMood"]
[Black "chessking2151"]
[Result "1/2-1/2"]
[WhiteElo "2595"]
[BlackElo "2380"]
[TimeControl "180+2"]
[EndTime "14:40:05 PST"]
[Termination "Game drawn - insufficient material"]

1. d4 Nf6 2. Nc3 d5 3. Bf4 c6 4. e3 g6 5. Nf3 Bg7 6. Bd3 Bf5 7. Bxf5 gxf5 8. Ne5 Nbd7 9. Qf3 e6 10. O-O-O Ne4 11. Nxe4 fxe4 12. Qh5 Nxe5 13. dxe5 Qd7 14. f3 exf3 15.
gxf3 O-O-O 16. Rhg1 f6 17. exf6 Bxf6 18. Be5 Bxe5 19. Qxe5 Rhf8 20. Rg7 Rf7 21. Rdg1 Rxg7 22. Rxg7 Qd6 23. Qxd6 Rxd6 24. Rxh7 e5 25. Rh3 Rg6 26.
Rg3 Rh6 27. h3 Kc7 28. Kd2 b5 29. Ke2 Rh4 30. b3 Kb6 31. Kf2 Kc5 32. Kg2 Rh7 33.
Rg5 Kb4 34. Rxe5 Ka3 35. Re6 Rc7 36. Kf2 Kxa2 37. Ke2 Kb2 38. Kd2 a5 39. Re8 Ra7 40. Rc8 a4 41. bxa4 bxa4 42. Rxc6 Rb7 43. Ra6 a3 44. Kd3 a2 45. Kd4 Rc7 46. Kxd5 Rc3 47. Rxa2+ Kxa2 48. f4 Rxe3 49. f5 Rxh3 50. f6 Rf3 51.
Ke6 Ka3 52. f7 Kb4 53. Ke7 Kc3 54. f8=Q Rxf8 55. Kxf8 Kxc2 1/2-1/2